 Dungeon Crawl Stone Soup version 0.18.1-8-gdd0e5ea (webtiles) character file.

35 Firecrotchwizard the Skirmisher (level 3, 33/33 HPs)
             Began as a Minotaur Fighter on June 12, 2016.
             Quit the game on level 1 of the Dungeon.
             The game lasted 00:02:24 (702 turns).

Firecrotchwizard the Skirmisher (Minotaur Fighter)   Turns: 702, Time: 00:02:25

Health: 33/33      AC:  2    Str: 20    XL:     3   Next: 17%
Magic:  2/2        EV:  8    Int:  5    God:
Gold:   64         SH:  9    Dex: 10    Spells: 0 memorised, 2 levels left

rFire  . . .     SeeInvis .     a - +0 flail
rCold  . . .     Gourm    .     n - -1 leather armour (curse)
rNeg   . . .     Faith    .     c - +0 shield
rPois  .         Spirit   .     (helmet restricted)
rElec  .         Dismiss  .     (no cloak)
rCorr  .         Reflect  .     (no gloves)
SustAt .         Harm     .     (no boots)
MR     .....                    (no amulet)
Stlth  +.........               (no ring)
                                (no ring)

@: not resistant to hostile enchantments, very unstealthy
A: retaliatory headbutt, horns 2
a: no special abilities


You were on level 1 of the Dungeon.
You were not hungry.

You visited 1 branch of the dungeon, and saw 1 of its levels.

You collected 64 gold pieces.

Inventory:

Hand Weapons
 a - a +0 flail (weapon)
Armour
 b - a +0 scale mail
 c - a +0 shield (worn)
 n - a cursed -1 leather armour (worn)
Scrolls
 e - a scroll of identify {unknown}
 h - a scroll of teleportation {unknown}
 i - a scroll of recharging {unknown}
 j - a scroll of immolation {unknown}
 l - 2 scrolls of remove curse {unknown}
Potions
 d - a potion of might
 k - a potion of lignification {unknown}
Comestibles
 f - a bread ration
 g - a meat ration
 m - 4 fruits


   Skills:
 + Level 4.2 Fighting
 + Level 2.5 Maces & Flails
 + Level 4.2 Armour
 + Level 4.1 Shields


You had 2 spell levels left.
You didn't know any spells.

Dungeon Overview and Level Annotations

Branches:
Dungeon (1/15)

Altars:


Innate Abilities, Weirdness & Mutations

You reflexively headbutt those who attack you in melee.
You have a pair of horns on your head.


Message History

You barely miss the hobgoblin. You headbutt the hobgoblin.
You kill the hobgoblin!
Found a scroll labeled DANTIS ZOTZYOS.
m - 4 fruits
l - 2 scrolls labeled DANTIS ZOTZYOS (gained 1)
You see here a glowing leather armour.
n - a glowing leather armour Wield which item (- for none, * to show all)? (? for menu, Esc to quit)
Okay, then.
Wear which item? (? for menu, Esc to quit)
You start removing your armour.
You continue taking off your +0 scale mail. x4
You finish taking off your +0 scale mail.
You start putting on your armour.
You continue putting on your glowing leather armour. x5
You finish putting on your cursed -1 leather armour.
Oops, that feels deathly cold.
Quiver which item? (- for none, * to show all) (? for menu, Esc to quit)
Okay, then.
Are you sure you want to abandon this character and quit the game? (Confirm with "yes".)

####### #.)...# #########.#.#.###
..........#†#...#
#####+#..###.###.####
#........#.....#....#####
#......###.###.###....)..
#########......#@..# #...#..#####
...............###.###.###.###
########.........#.....#...#.###
.....#.....).....###.###.........
.......#...........#.#.....#.###.
.......#..######...###.....)..#
.......#..## #.#.....###....#
...........# #.##.............
...#..####.#####.####.####...###


There were no monsters in sight!

Vanquished Creatures
  A gnoll (D:1)
  A giant cockroach (D:1)
  9 hobgoblins (D:1)
  2 kobolds (D:1)
  2 bats (D:1)
  A giant newt (D:1)
  4 goblins (D:1)
  4 rats (D:1)
24 creatures vanquished.

Notes
Turn   | Place    | Note
--------------------------------------------------------------
     0 | D:1      | Firecrotchwizard the Minotaur Fighter began the quest for the Orb.
     0 | D:1      | Reached XP level 1. HP: 19/19 MP: 0/0
     2 | D:1      | Noticed an ogre
     4 | D:1      | Noticed a draconian
     4 | D:1      | Noticed a vampire
     6 | D:1      | Noticed a felid
     6 | D:1      | Noticed a demigod
     8 | D:1      | Noticed an elf
     8 | D:1      | Noticed a dwarf
    10 | D:1      | Noticed a naga
    10 | D:1      | Noticed a vine stalker
    12 | D:1      | Noticed a centaur
    12 | D:1      | Noticed a formicid
    14 | D:1      | Noticed a troll
    14 | D:1      | Noticed a ghoul
    16 | D:1      | Noticed a minotaur
    16 | D:1      | Noticed a merfolk
    18 | D:1      | Noticed an octopode
    20 | D:1      | Noticed a spriggan
    20 | D:1      | Noticed a gargoyle
    22 | D:1      | Noticed a human
    24 | D:1      | Noticed a halfling
    24 | D:1      | Noticed a demonspawn
    26 | D:1      | Noticed a tengu
    52 | D:1      | Reached XP level 2. HP: 25/27 MP: 1/1
   643 | D:1      | Reached XP level 3. HP: 33/33 MP: 2/2
   702 | D:1      | Quit the game

Skill      XL: |  1  2  3 |
---------------+----------+-----
Armour         | 4 |  4.2
Fighting       | 4 |  4.2
Shields        | 4 |  4.1
Maces & Flails | |  2.5

Action                   || total
-------------------------++-------
Melee: Flail             ||    60
       Headbutt          ||     7
Armor: Scale mail        ||    15
Dodge: Dodged            ||    14
Block: Shield            ||    32
